 Dungeon Crawl Stone Soup version 0.22-a0-423-g4197694 (webtiles) character file.

3884 KristoblXynda the Grappler (level 10, -4/85 HPs)
             Began as a Troll Wizard on May 23, 2018.
             Was a Believer of Ashenzari.
             Slain by an ogre
             ... wielding a +0 giant club
              (24 damage)
             ... on level 9 of the Dungeon.
             The game lasted 00:21:17 (8951 turns).

KristoblXynda the Grappler (Troll Wizard)           Turns: 8951, Time: 00:21:18

Health: -4/85      AC:  5    Str: 17    XL:     10   Next: 0%
Magic:  0/12       EV: 12    Int: 17    God:    Ashenzari [**....]
Gold:   539        SH:  0    Dex:  8    Spells: 9/13 levels left

rFire    . . .     SeeInvis .     - Unarmed
rCold    . . .     Gourm    +   (no shield)
rNeg     . . .     Faith    .   a - +0 robe
rPois    +         Spirit   +   b - +0 hat
rElec    .         Reflect  .   (no cloak)
rCorr    .         Harm     .   (gloves unavailable)
MR       .....                  (boots unavailable)
Stlth    +.........             l - amulet of guardian spirit
HPRegen  0.64/turn              h - +3 ring of evasion
MPRegen  0.13/turn              t - ring of poison resistance (curse)

@: heavily drained
A: large, unfitting armour, claws 3, fast metabolism 3, gourmand, regeneration
1, shaggy fur 1, tough skin 2
a: Curse Item, Scrying, Renounce Religion


You were on level 9 of the Dungeon.
You worshipped Ashenzari.
Ashenzari was pleased with you.
You were full.

You visited 2 branches of the dungeon, and saw 10 of its levels.

You collected 539 gold pieces.

Inventory:

Missiles
 f - 3 throwing nets (quivered)
Armour
 a - a +0 robe (worn)
 b - a +0 hat (worn)
Jewellery
 h - a +3 ring of evasion (left claw)
 l - an amulet of guardian spirit (around neck)
 n - an uncursed ring of resist corrosion
 s - an uncursed ring of protection from fire
 t - a cursed ring of poison resistance (right claw)
 w - an uncursed amulet of the acrobat
Wands
 p - a wand of random effects (39)
 q - a wand of disintegration (10)
 y - a wand of digging (20)
Scrolls
 c - 3 scrolls of magic mapping {unknown}
 e - a scroll of identify
 i - 5 scrolls of enchant weapon {unknown}
 j - 5 scrolls of enchant armour
 m - 4 scrolls of teleportation {unknown}
 o - a scroll of random uselessness {unknown}
 r - a scroll of blinking {unknown}
 u - a scroll of immolation {unknown}
 v - 2 scrolls of amnesia {unknown}
 x - 2 scrolls of remove curse
 B - a scroll of fear {unknown}
Potions
 g - 5 potions of curing
 k - a potion of cancellation
 A - 2 potions of berserk rage
 C - a potion of heal wounds
 E - 2 potions of might
Miscellaneous
 D - a phial of floods (inert)
Comestibles
 d - 24 rations


   Skills:
 + Level 1.4(0.0) Fighting
 - Level 1.5(0.1) Dodging
 - Level 1.0(0.0) Stealth
 + Level 9.9(8.0) Unarmed Combat
 - Level 2.0(0.5) Spellcasting
 * Level 7.8(6.1) Conjurations
   Level 0.6(0.0) Summonings
   Level 0.6(0.0) Translocations


You had 9 spell levels left.
You knew the following spells:

 Your Spells              Type           Power        Failure   Level  Hunger
a - Magic Dart            Conj           ###.         1%          1    ##.....
b - Mephitic Cloud        Conj/Pois/Air  #.......     28%         3    ####...

Your spell library contained the following spells:

 Spells                   Type           Power        Failure   Level  Hunger
 Conjure Flame            Conj/Fire      ##......     19%         3    ####...
 Slow                     Hex            #.......     34%         2    ###....
 Blink                    Tloc           N/A          34%         2    ###....
 Call Imp                 Summ           #.......     34%         2    ###....


Dungeon Overview and Level Annotations

Branches:
Dungeon (9/15)             Temple (1/1) D:6
   Lair: D:8-11         Orc: D:9-12

Altars:
Ashenzari
Cheibriados
Dithmenos
Elyvilon
Fedhas
Gozag
Hepliaklqana
Kikubaaqudgha
Nemelex Xobeh
Okawaru
Qazlal
Ru
Sif Muna
Trog
Uskayaw
Vehumet
Wu Jian
Xom
Yredelemnul
Zin
The Shining One

Shops:
D:6 *   D:7 :


Innate Abilities, Weirdness & Mutations

You are too large for most types of armour.
You have claws for hands.
Your metabolism is lightning-fast.
You like to eat raw meat.
Your natural rate of healing is unusually fast.
You are covered in fur. (AC +1)
You have very tough skin. (AC +2)


Message History

You feel drained. The wight freezes you.
* * * LOW HITPOINT WARNING * * *
You enter the shallow water.
Moving in this stuff is going to be slow.
Your water elemental hits the wight.
Your water elemental engulfs the wight in water!
The wight hits you from afar with a halberd of freezing.
* * * LOW HITPOINT WARNING * * *
The wight freezes you.
* * * LOW HITPOINT WARNING * * *
Your water elemental hits the wight!!
The wight is destroyed!
You hear a splash. x2
You have reached level 10!
An ogre comes into view. It is wielding a giant club.
The ogre closely misses you.
Your water elemental hits the ogre!
Your water elemental engulfs the ogre in water!
The ogre hits you with a giant club!!
You die...

#.## , ** #.# ##.# * #..# * , #
##.## ######'## ,#####..####
#..<....#####.. +.......).######
#≈≈.....'zzzzO#
#####.###......###).....<#######
#.# ######.@OE)......# * #.#
#####≈.O....# #.# ####'#### #.#
,# #.# * #.# * * , , * ** * + ,


You could see 2 ogres and a friendly water elemental.

Vanquished Creatures
  Pikel (D:6)
  Grinder (D:5)
  A hippogriff (D:8)
  The ghost of Ijustatesigmund the Skirmisher, an amateur OgAr (D:3)
  The ghost of emperorscorpion the Chopper, an amateur MiFi of Ru (D:6)
  4 orc warriors
  A phantom (D:7)
  A black bear (D:8)
  An ice beast (D:5)
  A sky beast (D:7)
  2 ogres (D:7)
  A gnoll sergeant (D:6)
  A wyvern zombie (D:3)
  2 scorpions
  A water moccasin skeleton (D:8)
  11 wights
  2 crimson imps
  4 hounds
  A gnoll shaman (D:7)
  An orc priest (D:8)
  A centaur skeleton (D:8)
  A jelly (D:5)
  4 iguanas
  8 orc wizards
  8 worker ants
  A hound zombie (D:5)
  2 hound skeletons
  A worker ant zombie (D:6)
  11 gnolls
  7 adders
  2 shadow imps (D:7)
  3 oozes
  5 dart slugs
  3 leopard geckos
  32 orcs
  7 bats
  6 giant cockroaches
  7 goblins
  5 hobgoblins
  11 jackals
  2 quokkas
  3 ball pythons
  2 frilled lizards
  2 kobolds
  A quokka skeleton (D:7)
  2 rats (D:2)
176 creatures vanquished.

Vanquished Creatures (collateral kills)
  2 wights (D:9)
2 creatures vanquished.

Vanquished Creatures (others)
  3 slaves (D:6)
3 creatures vanquished.

Grand Total: 181 creatures vanquished

Notes
Turn   | Place    | Note
-------+----------+-------------------------------------------
     0 | D:1      | KristoblXynda the Troll Wizard began the quest for the Orb.
     0 | D:1      | Reached XP level 1. HP: 16/16 MP: 2/2
   136 | D:1      | Reached skill level 1 in Conjurations
   205 | D:1      | Reached skill level 1 in Unarmed Combat
   227 | D:1      | Reached XP level 2. HP: 24/24 MP: 4/4
   999 | D:2      | Reached XP level 3. HP: 31/31 MP: 5/5
  1030 | D:2      | Found a glowing silver altar of Zin.
  1294 | D:2      | Reached skill level 2 in Unarmed Combat
  1966 | D:3      | Noticed Ijustatesigmund's ghost (amateur OgAr)
  1988 | D:3      | Killed Ijustatesigmund's ghost
  1988 | D:3      | Reached skill level 3 in Unarmed Combat
  1988 | D:3      | Reached XP level 4. HP: 39/39 MP: 3/6
  1988 | D:3      | Reached XP level 5. HP: 45/45 MP: 3/7
  2100 | D:3      | Found a bloodstained altar of Trog.
  2124 | D:3      | Found a stormy altar of Qazlal.
  2125 | D:3      | Found a sparkling altar of Nemelex Xobeh.
  2126 | D:3      | Found a shimmering altar of Xom.
  2499 | D:3      | Reached skill level 4 in Unarmed Combat
  2499 | D:3      | Reached XP level 6. HP: 48/53 MP: 5/8
  3174 | D:4      | Found a shattered altar of Ashenzari.
  3236 | D:4      | Became a worshipper of Ashenzari the Shackled
  3516 | D:5      | Entered Level 5 of the Dungeon
  3656 | D:5      | Reached skill level 5 in Unarmed Combat
  3656 | D:5      | Reached XP level 7. HP: 51/59 MP: 7/9
  3671 | D:5      | Learned a level 3 spell: Mephitic Cloud
  3698 | D:5      | Found Wecoozo's Armour Boutique.
  3702 | D:5      | Noticed Grinder
  3715 | D:5      | Killed Grinder
  3774 | D:5      | Reached skill level 6 in Unarmed Combat
  3885 | D:5      | Reached XP level 8. HP: 67/67 MP: 7/10
  3986 | D:5      | Reached skill level 5 in Conjurations
  4057 | D:5      | Found a glowing golden altar of the Shining One.
  4090 | D:5      | Found a basalt altar of Yredelemnul.
  4092 | D:5      | Noticed a profane servitor
  4455 | D:5      | Noticed an angel
  4578 | D:6      | Noticed emperorscorpion's ghost (amateur MiFi)
  4942 | D:6      | Noticed Pikel
  4960 | D:6      | Killed Pikel
  4960 | D:6      | Reached skill level 7 in Unarmed Combat
  5388 | D:6      | Found a staircase to the Ecumenical Temple.
  5429 | D:6      | Reached skill level 8 in Unarmed Combat
  5548 | D:6      | Reached * piety under Ashenzari
  5606 | D:6      | Killed emperorscorpion's ghost
  5606 | D:6      | Reached XP level 9. HP: 23/74 MP: 2/11
  5817 | D:6      | Found Nexi's Serpentskin Sales.
  5926 | Temple   | Entered the Ecumenical Temple
  6150 | D:7      | Found Kihif's Book Emporium.
  6702 | D:7      | Reached skill level 9 in Unarmed Combat
  6897 | D:7      | Found a radiant altar of Vehumet.
  7671 | D:8      | Reached ** piety under Ashenzari
  7945 | D:8      | Found a blossoming altar of Fedhas.
  7954 | D:8      | Reached skill level 1 in Fighting
  8949 | D:9      | Reached XP level 10. HP: 19/85 MP: 1/12
  8951 | D:9      | Slain by an ogre

Vault maps used:
D:1:      minmay_arrival_solitary_statue
D:2:      lemuel_doored_altar, first_ration
D:3:      minitemple, minivault_5
D:4:      nicolae_ashenzari_panopticon, hex_large, serial_park_tiny_pond
D:5:      grunt_temple_overflow_holy_war, serial_shops,
          nicolae_shop_temple_entry_statues_fountains, uniq_grinder
D:6:      minmay_temple_entry_statues_pillars, guppyfry_shop_venom, uniq_pikel
D:7:      kennysheep_mini_moat, serial_shops, shop, grunt_ogre_cave
D:8:      lemuel_crystal_altar
D:9:      kennysheep_mini
Temple:   minmay_temple_curvy_loop

Skill      XL: |  1  2  3  4  5  6  7  8  9 |
---------------+----------------------------+-----
Conjurations   | 1 2 3 4 6 7 |  7.8
Unarmed Combat | 1 3 4 5 6 8 9 |  9.9
Fighting       | 1 |  1.4
Dodging        | |  1.5
Stealth        | |  1.0
Spellcasting   | |  2.0
Summonings     | |  0.6
Translocations | |  0.6

Action                   |  1- 3 |  4- 6 |  7- 9 | 10-12 || total
-------------------------+-------+-------+-------+-------++-------
Melee: Unarmed           |    83 |   162 |   483 |       ||   728
       Punch             |       |       |    11 |       ||    11
 Cast: Magic Dart        |     1 |     1 |    30 |       ||    32
       Mephitic Cloud    |       |       |     4 |       ||     4
Invok: Curse Item        |       |       |     1 |       ||     1
Evoke: Wand              |       |     6 |    10 |       ||    16
       Phial of floods   |       |       |     1 |       ||     1
  Use: Scroll            |     3 |       |     5 |       ||     8
       Potion            |     1 |     1 |       |       ||     2
 Stab: Sleeping          |     1 |     3 |       |       ||     4
       Confused          |       |       |     2 |       ||     2
       Distracted        |       |       |     1 |       ||     1
  Eat: Chunk             |    22 |    16 |    47 |       ||    85
Armor: Robe              |    34 |    43 |    93 |       ||   170
       Skin              |     7 |       |       |       ||     7
Dodge: Dodged            |    29 |   108 |   242 |     1 ||   380

Table legend:
 A = Spawn XP
 B = Non-spawn XP
 C = Spawn XP percentage of total XP
 D = Spawn monster count
 E = Non-spawn monster count
 F = Spawn count percentage of total count
 G = Total turns spent on level
                    A         B        C        D         E        F      G
               +---------+---------+-------+---------+---------+-------+---------
         Total |       0 |    5549 |   0.0 |       0 |     178 |   0.0 |  8951
               +---------+---------+-------+---------+---------+-------+---------
           D:1 |       0 |      35 |   0.0 |       0 |      16 |   0.0 |   875
           D:2 |       0 |      58 |   0.0 |       0 |      13 |   0.0 |  1144
           D:3 |       0 |     366 |   0.0 |       0 |      21 |   0.0 |   884
           D:4 |       0 |     189 |   0.0 |       0 |      16 |   0.0 |   613
           D:5 |       0 |     848 |   0.0 |       0 |      22 |   0.0 |  1146
           D:6 |       0 |    1447 |   0.0 |       0 |      30 |   0.0 |  1392
           D:7 |       0 |    1357 |   0.0 |       0 |      28 |   0.0 |  1184
           D:8 |       0 |     998 |   0.0 |       0 |      26 |   0.0 |  1335
           D:9 |       0 |     251 |   0.0 |       0 |       6 |   0.0 |   165
               +---------+---------+-------+---------+---------+-------+---------
